 Dungeon Crawl Stone Soup version 0.19.5 (webtiles) character file.

26075 tof the Basher (level 12, -15/97 HPs)
             Began as a Demonspawn Gladiator on Mar 7, 2017.
             Was the Champion of Okawaru.
             Demolished by an enormous slime creature (52 damage)
             ... on level 13 of the Dungeon.
             The game lasted 01:22:43 (18269 turns).

tof the Basher (Demonspawn Gladiator)              Turns: 18269, Time: 01:22:45

Health: -15/97     AC: 14    Str: 15    XL:     12   Next: 95%
Magic:  21/21      EV: 22    Int:  9    God:    Okawaru [******]
Gold:   338        SH:  0    Dex: 20    Spells: 0 memorised, 11 levels left

rFire  + . .     SeeInvis .     a - +6 whip of the Inferno {venom, *Contam rPois MP+9}
rCold  . . .     Gourm    .     J - +0 troll leather armour
rNeg   . . .     Faith    .     (no shield)
rPois  +         Spirit   .     H - +2 hat {MR+}
rElec  .         Reflect  .     C - +2 cloak {MR+}
rCorr  .         Harm     .     N - +0 pair of gloves
MR     ++...                    (no boots)
Stlth  ++++++....               o - amulet of regeneration (curse)
                                L - +5 ring of evasion
                                m - +3 ring of slaying

@: no status effects
A: talons 1, thin metallic scales 2, agile 1, fire resistance 1, mutation
resistance 1, nightstalker 2, weak 1, MP-powered wands
a: Heroism, Finesse, Renounce Religion


You were on level 13 of the Dungeon.
You worshipped Okawaru.
Okawaru was exalted by your worship.
You were not hungry.

You visited 1 branch of the dungeon, and saw 13 of its levels.

You collected 686 gold pieces.
You spent 348 gold pieces at shops.

Inventory:

Hand Weapons
 a - the +6 whip of the Inferno (weapon) {venom, *Contam rPois MP+9}
   (You found it on level 11 of the Dungeon)

   It poisons the flesh of those it strikes.
   It protects you from poison.
   It affects your magic capacity (+9).
   It causes magical contamination when unequipped.
 U - a +8 mace of electrocution
Missiles
 c - 10 steel javelins (quivered)
 d - 6 throwing nets
Armour
 y - a +1 scale mail of cold resistance
 C - a +2 cloak of magic resistance (worn)
 F - a +3 leather armour of poison resistance
 H - a +2 hat of magic resistance (worn)
 J - a +0 troll leather armour (worn)
 N - a +0 pair of gloves (worn)
Jewellery
 m - a +3 ring of slaying (left hand)
 o - a cursed amulet of regeneration (around neck)
 t - an uncursed ring of flight
 B - an uncursed ring of poison resistance
 L - a +5 ring of evasion (right hand)
 Q - an uncursed ring of protection from fire
 S - a +4 ring of protection
 T - a +3 ring of dexterity
Wands
 i - a wand of polymorph (14/24)
 p - a wand of confusion (22/48)
 s - a wand of iceblast (8/15)
 u - a wand of confusion (7/48)
 v - a wand of iceblast (10/15)
 w - a wand of paralysis (11/24)
 x - a wand of flame (20/48)
 z - a wand of disintegration (16/24)
 D - a wand of disintegration (23/24)
 E - a wand of iceblast (5/15)
 K - a wand of teleportation (7/9)
 M - a wand of heal wounds (4/9)
 O - a wand of slowing (22/48)
 R - a wand of iceblast (10/15)
 Y - a wand of lightning (2/15)
Scrolls
 e - a scroll of amnesia
 g - 5 scrolls of teleportation
 h - 5 scrolls of recharging
 n - 8 scrolls of remove curse
 r - 4 scrolls of identify
 A - 2 scrolls of fear
 G - a scroll of magic mapping
Potions
 k - a potion of agility
 l - 2 potions of lignification
 I - a potion of magic
 V - 2 potions of haste
 W - 2 potions of heal wounds
 X - a potion of curing
Comestibles
 b - 3 fruits
 f - 5 bread rations
 j - 3 beef jerkies
 q - 10 meat rations
 P - 8 slices of pizza


   Skills:
 - Level 10.2 Fighting
 * Level 12.5 Maces & Flails
 - Level 6.6 Throwing
 - Level 6.1 Armour
 - Level 6.7 Dodging
 - Level 8.3 Stealth


You had 11 spell levels left.
You didn't know any spells.

Dungeon Overview and Level Annotations

Branches:
Dungeon (13/15)            Temple (0/1) D:6            Lair (0/6) D:8
    Orc (0/2) D:11         Vaults (0/5) D:13

Altars:
Cheibriados
Dithmenos
Fedhas
Gozag
Kikubaaqudgha
Okawaru
Qazlal
Yredelemnul
Beogh

Shops:
D:3 *   D:9 [!!(*   D:13 :

Portals:
Trove: D:12 (give plate armour "Zough")


Innate Abilities, Weirdness & Mutations

You have sharp toenails.
You are mostly covered in thin metallic scales. (AC +3)
Your flesh is heat resistant. (rF+)
You are significantly more attuned to the shadows.
You are agile. (Dex +2)
You are somewhat resistant to further mutation.
You are weak. (Str -2)
You expend magic power (3 MP) to strengthen your wands.


Message History

Ouch! That really hurt!
You whack the very large slime creature!
You claw the very large slime creature.
The very large slime creature is heavily wounded.
The very large slime creature completely misses you.
You whack the very large slime creature!
You claw the very large slime creature, but do no damage.
The very large slime creature is severely wounded.
Two slime creatures merge to form an enormous slime creature.
You hit the enormous slime creature.
The enormous slime creature looks as sick as possible!
You claw the enormous slime creature.
The enormous slime creature is heavily wounded.
You whack the enormous slime creature!
Your kick misses the enormous slime creature.
The enormous slime creature is heavily wounded.
You feel yourself speed up. The enormous slime creature hits you!!!
Ouch! That really hurt!
You die...

#..# ######..# ........#
#######.# #.# #.# #.#
################# #####.#
...........@J.... ......#
###..########## ####..# #..#
#..# #.<# #..# ##########..#
#..#
............###############..#
.............................#
...........################..#
##########.# #..#


You could see an enormous slime creature.

Vanquished Creatures
  Erica (D:11)
  A centaur warrior (D:13)
  2 unseen horrors
  3 hill giants
  A necromancer (D:13)
  An orc sorcerer (D:7)
  2 ugly things
  A deep elf mage (D:13)
  The ghost of equalderp2856 the Gouger, a novice FeFi (D:7)
  A manticore (D:11)
  The ghost of SkullSpatter the Ruffian, a novice TrMo (D:4)
  Maurice (D:11)
  The ghost of tof the Twirler, a novice DsGl (D:5)
  2 kobold demonologists
  3 trolls
  A hornet (D:9)
  3 two-headed ogres
  A blink frog (D:8)
  Prince Ribbit (D:5)
  6 slime creatures
  2 hippogriffs
  Sigmund (D:5)
  2 vampires
  2 wraiths
  A shadow (D:11)
  A human (D:12)
  3 hogs (D:12)
  14 yaks
  Grum (D:9)
  2 steam dragons
  14 wargs (D:7)
  A water moccasin (D:8)
  A soldier ant (D:11)
  2 sky beasts
  A black bear (D:11)
  3 ice beasts
  A black bear (shapeshifter) (D:9)
  7 orc warriors
  2 hornet zombies
  2 wolves (D:9)
  3 phantoms
  7 ogres
  A necrophage (D:8)
  11 centaurs
  A crocodile (D:9)
  3 big kobolds
  14 bullfrogs
  6 scorpions
  A water moccasin skeleton (D:8)
  11 killer bees
  15 wights
  A howler monkey (D:8)
  A jelly (D:8)
  A lava snake (D:12)
  8 crimson imps
  2 centaur zombies (D:10)
  A bullfrog zombie (D:12)
  11 orc priests
  4 bullfrog skeletons
  7 hounds
  Crazy Yiuf (D:6)
  5 centaur skeletons
  Natasha (thrice) (D:2 D:1)
  6 iguanas
  15 orc wizards
  17 worker ants
  A killer bee zombie (D:10)
  A hound zombie (D:9)
  Robin (D:1)
  4 gnolls
  13 adders
  7 shadow imps
  An adder zombie (D:9)
  3 worms
  2 dart slugs
  5 leopard geckos
  85 orcs
  6 giant cockroaches
  15 goblins
  9 hobgoblins
  17 jackals
  9 quokkas
  8 bats
  6 frilled lizards
  A jackal skeleton (D:8)
  32 kobolds
  A quokka skeleton (D:7)
  A quokka zombie (D:7)
  7 rats
488 creatures vanquished.

Vanquished Creatures (others)
  An orc (D:7)
  A goblin (D:2)
  A plant (D:5)
3 creatures vanquished.

Grand Total: 491 creatures vanquished

Notes
Turn   | Place    | Note
-------+----------+-------------------------------------------
     0 | D:1      | tof the Demonspawn Gladiator began the quest for the Orb.
     0 | D:1      | Reached XP level 1. HP: 16/16 MP: 1/1
   207 | D:1      | Gained mutation: You are partially covered in thin metallic scales. (AC +2) [demonic ancestry]
   207 | D:1      | Reached XP level 2. HP: 20/22 MP: 2/2
   648 | D:1      | Reached skill level 3 in Maces & Flails
   987 | D:2      | Gained mutation: Your flesh is heat resistant. (rF+) [demonic ancestry]
   987 | D:2      | Reached XP level 3. HP: 26/28 MP: 3/3
  1038 | D:2      | Noticed Natasha
  1049 | D:2      | Killed Natasha
  1278 | D:2      | Reached XP level 4. HP: 22/34 MP: 4/4
  1467 | D:2      | Noticed Natasha
  1468 | D:2      | Noticed Robin
  1833 | D:1      | Killed Robin
  1839 | D:1      | Killed Natasha
  1839 | D:1      | Reached skill level 1 in Armour
  1925 | D:2      | Noticed Natasha
  1933 | D:2      | Killed Natasha
  1933 | D:2      | Reached XP level 5. HP: 33/41 MP: 5/5
  2064 | D:3      | Found Gozag's Platinum Reserve.
  2065 | D:3      | Found an opulent altar of Gozag.
  2126 | D:3      | Found a basalt altar of Yredelemnul.
  2128 | D:3      | Found a shadowy altar of Dithmenos.
  2474 | D:3      | Reached XP level 6. HP: 44/48 MP: 6/6
  2476 | D:3      | Reached skill level 4 in Maces & Flails
  3117 | D:4      | Found an iron altar of Okawaru.
  3149 | D:4      | Became a worshipper of Warmaster Okawaru
  3615 | D:4      | Noticed SkullSpatter's ghost (novice TrMo)
  3627 | D:5      | Entered Level 5 of the Dungeon
  3995 | D:4      | Killed SkullSpatter's ghost
  3995 | D:4      | Reached * piety under Okawaru
  3995 | D:4      | Gained mutation: You are slightly more attuned to the shadows. [demonic ancestry]
  3995 | D:4      | Reached XP level 7. HP: 18/55 MP: 2/7
  4210 | D:5      | Noticed tof's ghost (novice DsGl)
  4237 | D:5      | Killed tof's ghost
  4237 | D:5      | Reached skill level 5 in Fighting
  4237 | D:5      | Reached skill level 5 in Maces & Flails
  4237 | D:5      | Gained mutation: You are significantly more attuned to the shadows. [demonic ancestry]
  4237 | D:5      | Reached XP level 8. HP: 35/62 MP: 3/8
  4413 | D:5      | Reached ** piety under Okawaru
  4461 | D:5      | Reached skill level 1 in Stealth
  4924 | D:5      | Noticed Prince Ribbit
  5149 | D:6      | Noticed a two-headed ogre
  5154 | D:6      | Killed a two-headed ogre
  5181 | D:6      | Reached skill level 6 in Maces & Flails
  5241 | D:6      | Found a runed door.
  5245 | D:6      | Noticed Crazy Yiuf
  5248 | D:6      | Killed Crazy Yiuf
  5468 | D:6      | Reached XP level 9. HP: 62/70 MP: 7/9
  5515 | D:6      | Found a staircase to the Ecumenical Temple.
  5533 | D:6      | Found a blossoming altar of Fedhas.
  5534 | D:6      | Found a stormy altar of Qazlal.
  6196 | D:7      | Reached *** piety under Okawaru
  6408 | D:7      | Noticed an orc sorcerer
  6423 | D:7      | Paralysed by an orc sorcerer for 6 turns
  6428 | D:7      | Noticed a rust devil
  6489 | D:8      | HP: 3/71 [orc (2)]
  7074 | D:8      | Reached skill level 5 in Dodging
  7791 | D:7      | Received a gift from Okawaru
  7812 | D:7      | Paralysed by an orc sorcerer for 4 turns
  7823 | D:7      | Noticed an orange demon
  7824 | D:7      | Noticed a sun demon
  7826 | D:8      | Reached skill level 5 in Throwing
  7900 | D:8      | Reached skill level 5 in Stealth
  8139 | D:7      | Noticed a sun demon
  8207 | D:8      | Reached skill level 7 in Maces & Flails
  8217 | D:8      | Gained mutation: You are mostly covered in thin metallic scales. (AC +3) [demonic ancestry]
  8217 | D:8      | Reached XP level 10. HP: 78/79 MP: 10/10
  8354 | D:7      | Killed an orc sorcerer
  8354 | D:7      | Reached **** piety under Okawaru
  8541 | D:7      | Noticed equalderp2856's ghost (novice FeFi)
  8779 | D:7      | Noticed a centaur warrior
 10150 | D:7      | Killed equalderp2856's ghost
 10150 | D:7      | Reached ***** piety under Okawaru
 11034 | D:5      | Noticed Sigmund
 11043 | D:5      | Killed Sigmund
 11043 | D:5      | Reached skill level 8 in Maces & Flails
 11082 | D:5      | Killed Prince Ribbit
 11205 | D:5      | Found a snail-covered altar of Cheibriados.
 11849 | D:8      | Reached skill level 5 in Armour
 11885 | D:8      | Found a staircase to the Lair.
 12038 | D:8      | Gained mutation: You have sharp toenails. [demonic ancestry]
 12038 | D:8      | Reached XP level 11. HP: 75/87 MP: 11/11
 12406 | D:8      | Found an ancient bone altar of Kikubaaqudgha.
 12698 | D:9      | Found Aveng's Armour Shoppe.
 12710 | D:9      | Found Hotishay's General Store.
 12763 | D:9      | Found Dotaepid's Distillery.
 12791 | D:9      | Gained mutation: You expend magic power (3 MP) to strengthen your wands. [mutagenic meat]
 13159 | D:9      | Found Aqosh's Distillery.
 13181 | D:9      | Bought a potion of heal wounds for 55 gold pieces
 13181 | D:9      | Bought a potion of curing for 33 gold pieces
 13274 | D:9      | Noticed Grum
 13293 | D:9      | Received a gift from Okawaru
 13302 | D:9      | Killed Grum
 13755 | D:9      | Found Pumial's Antique Weapon Emporium.
 14081 | D:9      | Bought a scroll of brand weapon for 260 gold pieces
 14100 | D:10     | Entered Level 10 of the Dungeon
 14297 | D:10     | Noticed a cyan ugly thing
 14316 | D:10     | Killed a cyan ugly thing
 14332 | D:10     | Gained mutation: You are agile. (Dex +2) [mutagenic meat]
 14895 | D:10     | Noticed a hill giant
 14917 | D:10     | Killed a hill giant
 15174 | D:10     | Reached skill level 9 in Maces & Flails
 15505 | D:11     | Reached skill level 10 in Fighting
 15546 | D:11     | Found a staircase to the Orcish Mines.
 15546 | D:11     | Noticed a hill giant
 15558 | D:11     | Killed a hill giant
 15587 | D:11     | Found a roughly hewn altar of Beogh.
 15673 | D:11     | Received a gift from Okawaru
 15724 | D:11     | Got a slimy whip
 15725 | D:11     | Identified the +6 whip of the Inferno {venom, *Contam rPois MP+9} (You found it on level 11 of the Dungeon)
 15812 | D:11     | Reached XP level 12. HP: 97/97 MP: 12/12
 15893 | D:11     | Noticed Erica
 15905 | D:11     | Killed Erica
 15961 | D:11     | Reached ****** piety under Okawaru
 15968 | D:11     | Noticed Maurice
 15977 | D:11     | Killed Maurice
 16457 | D:12     | Reached skill level 10 in Maces & Flails
 16530 | D:12     | Gained mutation: You are somewhat resistant to further mutation. [mutagenic meat]
 16720 | D:12     | Received a gift from Okawaru
 16899 | D:12     | Found a portal to a secret trove of treasure.
 17257 | D:12     | Reached skill level 11 in Maces & Flails
 17276 | D:11     | Received a gift from Okawaru
 17317 | D:11     | Gained mutation: You are weak. (Str -2) [mutagenic glow]
 17688 | D:13     | Found a gate to the Vaults.
 17874 | D:13     | Reached skill level 12 in Maces & Flails
 18197 | D:13     | Found Veonil's Book Emporium.
 18197 | D:13     | Noticed a centaur warrior
 18210 | D:13     | Killed a centaur warrior
 18210 | D:13     | Received a gift from Okawaru
 18269 | D:13     | Demolished by an enormous slime creature

Skill      XL: |  1  2  3  4  5  6  7  8  9 10 11 12 |
---------------+-------------------------------------+-----
Maces & Flails | 3 4 5 6 7 8 9 12 | 12.5
Throwing       | 2 3 4 5 6 |  6.6
Dodging        | 3 4 5 6 |  6.7
Fighting       | 3 4 5 6 7 8 10 | 10.2
Armour         | 1 2 3 4 5 6 |  6.1
Stealth        | 3 5 6 8 |  8.3

Action                   |  1- 3 |  4- 6 |  7- 9 | 10-12 || total
-------------------------+-------+-------+-------+-------++-------
Melee: Flail             |   106 |    36 |       |       ||   142
       Whip              |       |   113 |   128 |   410 ||   651
       Mace              |       |       |   231 |   688 ||   919
       Kick              |       |       |       |   305 ||   305
 Fire: Blowgun           |       |       |       |    29 ||    29
Throw: Stone             |       |     2 |     2 |       ||     4
       Javelin           |       |       |       |    17 ||    17
  Use: Potion            |     3 |     2 |     2 |     3 ||    10
       Scroll            |       |     1 |     1 |    26 ||    28
 Stab: Sleeping          |     1 |       |     6 |    41 ||    48
       Distracted        |       |       |     1 |    10 ||    11
  Eat: Chunk             |     1 |     8 |     8 |    30 ||    47
       Fruit             |       |     1 |       |     1 ||     2
       Bread ration      |       |       |     1 |     2 ||     3
       Royal jelly       |       |       |     1 |       ||     1
Armor: Leather armour    |    40 |    37 |       |   248 ||   325
       Scale mail        |       |    16 |   147 |    17 ||   180
       Troll leather arm |       |       |       |    30 ||    30
Dodge: Dodged            |    95 |   117 |   199 |   658 ||  1069
